BLOP, neutral female gnomish Wizard ----------- ##........... ------------ # |.........| |!+%**!(().|### |.......... |!*?[?!%?*.|) |.........| |%?.+m@(?..|# -.---|----- |"%?+*!*?!@:# # ### |=%)*)*....| # |?%%f)!++?*| ### ------------ # ------.-- |........ |.....{.| |.<.....| --------- BLOP the Evoker Experience level: 2 Strength: 10 Dexterity: 14 Constitution: 13 Intelligence: 19 Wisdom: 9 Charisma: 10 Health: 0(14) Energy: 14(19) Def: 1 Gold: 0 Moves: 1079 Dungeon seed: slhQt2JRCmrlgnJ_ Game ID: BLOP_1477208469 Your Inventory: Weapons a - the blessed +3 Sting (weapon in hand) Armor e - an uncursed +0 cloak of magic resistance (being worn) Comestibles m - an uncursed carrot o - an uncursed sprig of wolfsbane q - an uncursed candy bar s - an uncursed food ration Scrolls i - 2 uncursed scrolls of light j - a blessed scroll of teleportation Spellbooks k - a blessed spellbook of force bolt l - an uncursed spellbook of extra healing Potions f - a potion of holy water g - an uncursed potion of fruit juice h - an uncursed potion of sleeping Rings c - an uncursed +1 ring of gain constitution d - an uncursed ring of conflict Wands b - a wand of striking (0:8) p - a wand of teleportation (0:5) r - a wand of lightning (0:4) Gems n - 10 uncursed rocks (in quiver) Spells and supernatural/magical abilities: Name Level Category Fail Memory a - force bolt 1 attack 0% 95% x - extra healing 3 healing 85% 95% W - pray for help -- divine ? -- Your skills at the end: Fighting Skills Weapon Skills quarterstaff [Basic] Spellcasting Skills attack spells [Basic] enchantment spells [Basic] Final Attributes: You were devoutly aligned. You were magic-protected. You were aware of the presence of orcs. You had infravision. You are dead. Vanquished creatures: a hobbit a giant rat a gecko 7 jackals a sewer rat 8 grid bugs a bat a lichen 2 kobold zombies a newt 24 creatures vanquished. Voluntary challenges: You were an atheist. You used a wielded weapon 25 times, starting on turn 33. You were illiterate. You never genocided any monsters. You never polymorphed an object. You never changed form. You used no wishes. You never split a pudding. You never wrote Elbereth's name. You never violated your personal moral code. Dungeon overview: The Dungeons of Doom: levels 1 to 3 Level 1 some fountains, a sink a long staircase Level 2 stairs to The Gnomish Mines Level 3 <- You were here a general store, a fountain The Gnomish Mines: Level 3 stairs to The Dungeons of Doom History has recorded: On T:1 you entered the Dungeons of Doom to retrieve the Amulet of Yendor! On T:356 you reached level 2 of The Dungeons of Doom. On T:472 you reached level 1 of The Gnomish Mines. On T:765 you advanced to experience level 2. On T:985 you reached level 3 of The Dungeons of Doom. Score breakdown: Gold: 0 ( 0 points) Experience: 2 levels ( 5570 points) Exploration: 3 levels ( 6.25%) ( 6188 points) Discoveries: 1 item ( 0.35%) ( 1767 points) Valuables value: (no points given unless you survive) Artifact value: 800 ( 9877 points) Variety of kills: 10 monsters ( 2.62%) ( 4860 points) Turncount: 1079 turns ( 0 points) Survival: died (score multiplied by 80%) Total score: 22609 Latest messages: You see here a scroll of identify (26 zorkmids). The kitten picks up a brilliant blue potion. You see here 2 yellow gems (4000 zorkmids). The kitten drops a brilliant blue potion. You see here a mottled spellbook (800 zorkmids). Wait! That's a small mimic! The kitten picks up 2 yellow gems. The small mimic hits! The spell misses the small mimic. A dark potion shatters! You owe Kabalebo 266 zorkmids for it! The kitten drops 2 yellow gems. You hit the small mimic. The kitten picks up a crossbow. You hit the small mimic! (2x) The kitten drops a crossbow. The kitten eats an egg. The small mimic hits! You die... Kabalebo comes and takes all your possessions. Final status: Goodbye BLOP the Wizard, killed by a small mimic... You died in The Dungeons of Doom on dungeon level 3 with 22609 points, and 0 pieces of gold, after 1079 moves. You were level 2 with a maximum of 14 hit points when you died.